 Dungeon Sprint DCSS version 0.26-a0-365-g11c2b627af (webtiles) character file.

Game seed: 16736698829484046272

9472060 Baz the Conqueror (level 20, 216/216 HPs)
             Began as a White Draconian Air Elementalist on July 19, 2020.
             Was the Champion of Vehumet.
             Escaped with the Orb
             ... and 5 runes!
             The game lasted 01:09:17 (17691 turns).

Baz the Conqueror (DrAE)                           Turns: 17691, Time: 01:09:18

Health: 216/216    AC: 19    Str:  8    XL:     20   Next: 60%
Magic:  51/51      EV: 17    Int: 30    God:    Vehumet [******]
Gold:   1039       SH: 26    Dex: 14    Spells: 21/73 levels left

rFire    + + .     SeeInvis .   o - staff of energy
rCold    + . .     Faith    .   F - +3 tower shield
rNeg     . . .     Spirit   .   (armour unavailable)
rPois    +         Reflect  .   R - +2 hat
rElec    +         Harm     .   T - +2 cloak {MR+}
rCorr    .         NoTele   +   G - +1 pair of gloves
MR       +++..                  w - +1 pair of boots {Stlth+}
Stlth    +.........             N - amulet "Ocytam" {rElec rF+ Regen+ Str-4}
HPRegen  0.86/turn              P - ring "Huec Wiexze" {*Corrode *Drain rPois rF+ Int+9}
MPRegen  0.32/turn              z - ring of protection from magic

@: no status effects
A: breathe frost, unfitting armour, cold resistance 1, deterioration 1,
cold-blooded, AC +10
0: Orb of Zot
}: 5/17 runes: decaying, serpentine, barnacled, silver, gossamer
a: Breathe Frost, Renounce Religion


You escaped.
You worshipped Vehumet.
Vehumet was exalted by your worship.
You visited 1 branch You collected 1915 gold pieces.
You spent 876 gold pieces at shops.

Inventory:

Hand Weapons
 k - the +8 arc blade {discharge, rElec}
   (You found it in the Dungeon)

   It insulates you from electricity.
Armour
 w - a +1 pair of boots of stealth (worn)
 F - a +3 tower shield (worn)
 G - a +1 pair of gloves (worn)
 I - a +0 kite shield
 R - a +2 hat (worn)
 T - a +2 cloak of magic resistance (worn)
 V - a +0 buckler of positive energy
Magical Staves
 o - an uncursed staff of energy (weapon)
 K - an uncursed staff of air
Jewellery
 z - a ring of protection from magic (right hand)
 C - a +4 ring of protection
 D - a +4 ring of evasion
 E - a +2 ring of slaying
 M - the ring "Haiqogoi" {Ice rN++ Str+2 Dex+3 SInv}
   (You found it in the Dungeon)

   [ring of ice]

   It enhances your ice magic.
   It affects your strength (+2).
   It affects your dexterity (+3).
   It makes you vulnerable to fire.
   It protects you from cold.
   It greatly protects you from negative energy.
   It lets you see invisible.
 N - the amulet "Ocytam" (around neck) {rElec rF+ Regen+ Str-4}
   (You found it in the Dungeon)

   [amulet of regeneration]

   It affects your strength (-4).
   It protects you from fire.
   It insulates you from electricity.
   It increases your rate of regeneration.
 O - the ring of Ycaiska {*Contam Str+6 Int+3 Dex+6}
   (You found it in the Dungeon)

   [ring of dexterity]

   It affects your strength (+6).
   It affects your intelligence (+3).
   It affects your dexterity (+6).
   It causes magical contamination when unequipped.
 P - the ring "Huec Wiexze" (left hand) {*Corrode *Drain rPois rF+ Int+9}
   (You found it in the Dungeon)

   [ring of protection from fire]

   It affects your intelligence (+9).
   It protects you from fire.
   It protects you from poison.
   It may corrode you when you take damage.
   It causes draining when unequipped.
 Q - the ring of Acaumaps {AC+3 Str+2}
   (You found it in the Dungeon)

   [ring of protection]

   It affects your AC (+3).
   It affects your strength (+2).
Wands
 j - a wand of iceblast (9)
Scrolls
 h - 6 scrolls of remove curse
 i - a scroll of amnesia
 p - a scroll of blinking
 q - 6 scrolls of fear
 r - 14 scrolls of enchant weapon
 s - 4 scrolls of enchant armour
 v - 5 scrolls of identify
 H - 2 scrolls of fog
 J - 2 scrolls of magic mapping {unknown}
Potions
 a - a potion of invisibility
 b - 13 potions of curing
 c - 8 potions of heal wounds
 d - 4 potions of haste
 f - 3 potions of berserk rage
 g - 5 potions of might
 u - 4 potions of brilliance
 B - 2 potions of stabbing
 S - a potion of magic
 U - 2 potions of mutation
Miscellaneous
 L - a phial of floods


   Skills:
 O Level 27 Fighting
 - Level 7.8 Dodging
 - Level 1.7 Stealth
 - Level 25.0 Shields
 O Level 27 Spellcasting
 O Level 27 Conjurations
 + Level 25.7 Fire Magic
 - Level 17.5 Ice Magic
 + Level 23.0 Air Magic
 + Level 20.6 Earth Magic
 + Level 19.9 Evocations


You had 21 spell levels left.
You knew the following spells:

 Your Spells              Type           Power        Failure   Level
a - Shock                 Conj/Air       ####         0%          1
b - Static Discharge      Conj/Air       ########     0%          3
c - Lightning Bolt        Conj/Air       ########..   0%          5
d - Fire Storm            Conj/Fire      ########..   1%          9
e - Freezing Cloud        Conj/Ice/Air   ########..   0%          6
f - Airstrike             Air            ########..   0%          4
g - Swiftness             Air            ########     0%          2
h - Ozocubu's Refrigerat  Ice            #######...   1%          6
i - Chain Lightning       Conj/Air       ########..   1%          8
j - Lehudib's Crystal Sp  Conj/Erth      ########..   1%          8

Your spell library contained the following spells:

 Spells                   Type           Power        Failure   Level
 Dazzling Flash           Conj/Hex       ######       0%          3
 Animate Skeleton         Necr           #####.       1%          1
 Apportation              Tloc           #####.       1%          1
 Corona                   Hex            #####..      1%          1
 Summon Small Mammal      Summ           ####         1%          1
 Ensorcelled Hibernation  Hex/Ice        ######       1%          2
 Confusing Touch          Hex            #####...     1%          3
 Tukima's Dance           Hex            #####...     1%          3


Dungeon Overview and Level Annotations

Branches:
Dungeon (1/1)

Altars:
Cheibriados
Dithmenos
Elyvilon
Fedhas
Gozag
Hepliaklqana
Kikubaaqudgha
Makhleb
Nemelex Xobeh
Okawaru
Qazlal
Ru
Sif Muna
Trog
Uskayaw
Vehumet
Wu Jian
Xom
Yredelemnul
Zin
The Shining One
Beogh
Jiyva
Lugonu

Shops:
D !***


Innate Abilities, Weirdness & Mutations

You can breathe waves of freezing cold.
You can buffet flying creatures when you breathe cold.
Your icy white scales are hard. (AC +10)
You cannot fit into any form of body armour.
Your flesh is cold resistant. (rC+)
You are cold-blooded and may be slowed by cold attacks.
Your body sometimes deteriorates upon taking damage.


Message History

There is a snail-covered altar of Cheibriados here.
There is a roughly hewn altar of Beogh here.
There is an open door to the Temple here.
You channel some magical energy.
You channel some magical energy.
Nothing appears to happen.
Nothing appears to happen.
You channel some magical energy.
Nothing appears to happen.
You channel some magical energy.
You channel some magical energy.
There is an open door here.
You see here a +0 club.
You see here a +0 club.
There is an open door to the Dungeon here.
You see here a +0 club.
There is a staircase leading out of the dungeon here.
You start resting.
HP restored.
You have escaped!

▓▓▓▓▓▓▓▓▓▓▓▓▓▓▓▓▓▓
▓@▓...▓...▓...▓...
▓.▓.▓.▓.▓.▓.▓.▓.▓.
▓.▓.▓.▓.▓.▓.▓.▓.▓.
▓.▓.▓.▓.▓.▓.▓.▓.▓.
▓)▓.▓.▓.▓.▓.▓[▓.▓.
▓.▓.▓.▓.▓.▓†▓.▓.▓.
▓)▓.▓.▓.▓.▓.▓)▓.▓.
▓.▓.▓'▓.▓.▓.▓.▓.▓.
▓)▓.▓.▓.▓)▓.▓.▓.▓.


There were no monsters in sight!

Vanquished Creatures
  2 ancient liches (D)
  4 orbs of fire (D)
  Mara (D)
  Sojobo (D)
  A Killer Klown (D)
  A curse toe (D)
  A caustic shrike (D)
  5 golden dragons (D)
  A pandemonium lord (D)
  Jory (D)
  3 bone dragons (D)
  3 electric golems (D)
  A Hell Sentinel (D)
  Rupert (D)
  2 Ice Fiends (D)
  A titan (D)
  3 tentacled monstrosities (D)
  2 liches (D)
  34 Orb Guardians (D)
  4 death cobs (D)
  An Executioner (D)
  A draconian monk (D)
  2 tengu reavers (D)
  4 storm dragons (D)
  7 shadow dragons (D)
  Agnes (D)
  Ilsuiw (D)
  A daeva (D)
  2 frost giants (D)
  7 nagarajas (D)
  2 vault wardens (D)
  2 fire giants (D)
  A ghost moth (D)
  Aizul (D)
  An angel (D)
  A balrug (D)
  A cacodemon (D)
  3 draconian scorchers (D)
  A draconian shifter (D)
  6 emperor scorpions (D)
  Louise (D)
  A draconian stormcaller (D)
  2 stone giants (D)
  A reaper (D)
  4 ironheart preservers (D)
  2 very ugly things (D)
  An entropy weaver (D)
  A black draconian (D)
  A vampire knight (D)
  2 purple draconians (D)
  Nessos (D)
  5 green draconians (D)
  5 yellow draconians (D)
  Azrael (D)
  3 spark wasps (D)
  3 merfolk javelineers (D)
  A blizzard demon (D)
  2 ettins (D)
  Josephine (D)
  4 merfolk impalers (D)
  5 great orbs of eyes (D)
  2 yaktaur captains (D)
  7 hydras (D)
  3 naga warriors (D)
  25 vault guards (D)
  4 ice dragons (D)
  A rakshasa (D)
  2 fire dragons (D)
  5 centaur warriors (D)
  4 merfolk aquamancers (D)
  2 merfolk avatars (D)
  Erica (D)
  2 two-headed ogres (D)
  8 ogre magi (D)
  3 anacondas (D)
  A death knight (D)
  An alligator (D)
  A naga sharpshooter (D)
  A deep troll earth mage (D)
  A deep troll shaman (D)
  A vampire mage (D)
  A shock serpent (D)
  2 sun demons (D)
  Nergalle (D)
  A spriggan (D)
  A deep elf knight (D)
  3 shadow wraiths (D)
  2 sixfirhies (D)
  A cherub (D)
  A sea snake (D)
  A spriggan druid (D)
  2 torturous demonspawn (D)
  5 glowing orange brains (D)
  An orc knight (D)
  2 ironbrand convokers (D)
  6 swamp dragons (D)
  2 orb spiders (D)
  A cyclops (D)
  2 ugly things (D)
  3 wolf spiders (D)
  A deep elf mage (D)
  A manticore (D)
  2 vault sentinels (D)
  2 guardian serpents (D)
  13 moths of wrath (D)
  A rust devil (D)
  3 naga magi (D)
  2 water nymphs (D)
  2 smoke demons (D)
  A gargoyle (D)
  An orange demon (D)
  2 cane toads (D)
  3 komodo dragons (D)
  2 hellwings (D)
  An efreet (D)
  An ice devil (D)
  A rime drake (D)
  A freezing wraith (D)
  A hellion (D)
  3 demonic crawlers (D)
  5 yaktaurs (D)
  3 red devils (D)
  A meliai (shapeshifter) (D)
  A troll (D)
  A merfolk (D)
  A hornet (D)
  4 polar bears (D)
  3 jumping spiders (D)
  A blink frog (shapeshifter) (D)
  A hornet (shapeshifter) (D)
  2 blink frogs (D)
  A bog body (D)
  A tyrant leech (D)
  A snapping turtle (D)
  A slime creature (D)
  3 wraiths (D)
  A shadow (D)
  A tarantella (D)
  A yak (D)
  2 fire elementals (D)
  A yak (shapeshifter) (D)
  A basilisk (D)
  A chaos spawn (D)
  A large abomination (D)
  2 nagas (D)
  2 vampire mosquitoes (D)
  An insubstantial wisp (D)
  4 acid dragons (D)
  4 hell hounds (D)
  A water moccasin (D)
  A floating eye (D)
  A porcupine (D)
  3 swamp drakes (D)
  11 orc warriors (D)
  6 black bears (D)
  2 wolves (D)
  A boggart (D)
  11 ogres (D)
  3 crocodiles (D)
  A bullfrog (D)
  A scorpion (D)
  A quasit (D)
  5 orc priests (D)
  5 orc wizards (D)
  An iron imp (D)
  A gnoll (D)
  An adder (D)
  A white imp (D)
  An ufetubus (D)
  6 orcs (D)
  A bat (D)
  A bat zombie (D)
  A goblin (D)
  2 hobgoblins (D)
  A quokka (D)
  A leopard gecko zombie (D)
  2 rats (D)
  2 fire vortices (D)
449 creatures vanquished.

Vanquished Creatures (collateral kills)
  A monstrous demonspawn (D)
1 creature vanquished.

Vanquished Creatures (others)
  33 fire vortices (D)
33 creatures vanquished.

Grand Total: 483 creatures vanquished

Notes
Turn   | Place    | Note
-------+----------+-------------------------------------------
     0 | D        | Baz the Draconian Air Elementalist began the quest for the
                  | Orb.
     0 | D        | Reached XP level 1. HP: 14/14 MP: 3/3
    52 | D        | Reached XP level 2. HP: 11/20 MP: 1/5
    53 | D        | Reached XP level 3. HP: 7/26 MP: 0/7
    53 | D        | Reached skill level 5 in Air Magic
   293 | D        | Found a roughly hewn altar of Beogh.
   293 | D        | Found a snail-covered altar of Cheibriados.
   293 | D        | Found a shadowy altar of Dithmenos.
   293 | D        | Found a white marble altar of Elyvilon.
   293 | D        | Found a blossoming altar of Fedhas.
   293 | D        | Found an opulent altar of Gozag.
   294 | D        | Found a hazy altar of Hepliaklqana.
   295 | D        | Found a viscous altar of Jiyva.
   296 | D        | Found an ancient bone altar of Kikubaaqudgha.
   297 | D        | Found a corrupted altar of Lugonu.
   298 | D        | Found a burning altar of Makhleb.
   299 | D        | Found a sparkling altar of Nemelex Xobeh.
   300 | D        | Found an iron altar of Okawaru.
   301 | D        | Found a stormy altar of Qazlal.
   302 | D        | Found a sacrificial altar of Ru.
   303 | D        | Found a shimmering blue altar of Sif Muna.
   304 | D        | Found a bloodstained altar of Trog.
   305 | D        | Found a hide-covered altar of Uskayaw.
   306 | D        | Found a radiant altar of Vehumet.
   307 | D        | Found an ornate altar of the Wu Jian Council.
   308 | D        | Found a shimmering altar of Xom.
   309 | D        | Found a basalt altar of Yredelemnul.
   310 | D        | Found a glowing silver altar of Zin.
   311 | D        | Found a glowing golden altar of the Shining One.
   314 | D        | Became a worshipper of Vehumet
   329 | D        | Found the +8 arc blade {discharge, rElec}
   347 | D        | Learned a level 3 spell: Static Discharge
   347 | D        | Noticed a black bear
   347 | D        | Noticed an ogre
   347 | D        | Noticed a scorpion
   349 | D        | Killed a black bear
   349 | D        | Reached skill level 5 in Conjurations
   349 | D        | Reached XP level 4. HP: 37/37 MP: 7/10
   350 | D        | Reached * piety under Vehumet
   350 | D        | Offered knowledge of Foxfire by Vehumet.
   353 | D        | Reached skill level 5 in Spellcasting
   353 | D        | Reached XP level 5. HP: 45/45 MP: 5/12
   355 | D        | Killed an ogre
   355 | D        | Reached ** piety under Vehumet
   449 | D        | Learned a level 5 spell: Lightning Bolt
   482 | D        | Noticed a troll
   482 | D        | Noticed a six-headed hydra
   482 | D        | Noticed a centaur warrior
   482 | D        | Noticed a black mamba
   529 | D        | Noticed a jumping spider
   569 | D        | Noticed a raiju
   582 | D        | Killed a troll
   582 | D        | Offered knowledge of Magic Dart by Vehumet.
   582 | D        | Reached skill level 5 in Fighting
   582 | D        | Reached XP level 6. HP: 40/56 MP: 4/16
   588 | D        | Your scales start taking on an icy white colour.
   588 | D        | Reached XP level 7. HP: 44/61 MP: 1/17
   588 | D        | Gained mutation: Your flesh is cold resistant. (rC+) [White
                  | Draconian growth]
   591 | D        | Noticed a blink frog
   591 | D        | a black bear changed into a blink frog
   595 | D        | Killed a centaur warrior
   595 | D        | Reached skill level 10 in Conjurations
   595 | D        | Reached skill level 10 in Air Magic
   595 | D        | Reached XP level 8. HP: 47/71 MP: 8/21
   595 | D        | Killed a blink frog
   595 | D        | Reached *** piety under Vehumet
   596 | D        | Killed a six-headed hydra
   596 | D        | Reached skill level 10 in Spellcasting
   596 | D        | Reached XP level 9. HP: 24/81 MP: 9/23
   994 | D        | Noticed a komodo dragon
   994 | D        | Noticed a cane toad
   994 | D        | Noticed a komodo dragon
   994 | D        | Noticed a rime drake
   996 | D        | Offered knowledge of Dazzling Flash by Vehumet.
   997 | D        | Killed a cane toad
   997 | D        | Reached **** piety under Vehumet
   997 | D        | Killed a komodo dragon
   999 | D        | Killed a komodo dragon
   999 | D        | Noticed a komodo dragon
  1005 | D        | Killed a rime drake
  1006 | D        | Reached ***** piety under Vehumet
  1007 | D        | Killed a komodo dragon
  1263 | D        | Noticed a cane toad
  1264 | D        | Offered knowledge of Olgreb's Toxic Radiance by Vehumet.
  1264 | D        | Reached XP level 10. HP: 91/91 MP: 20/25
  1264 | D        | Reached skill level 1 in Evocations
  1279 | D        | Learned a level 4 spell: Olgreb's Toxic Radiance
  1281 | D        | Offered knowledge of Inner Flame by Vehumet.
  1282 | D        | Killed a cane toad
  1330 | D        | Reached ****** piety under Vehumet
  1469 | D        | Offered knowledge of Freezing Cloud by Vehumet.
  1470 | D        | Reached skill level 10 in Fighting
  1481 | D        | Learned a level 6 spell: Freezing Cloud
  1628 | D        | Noticed Erica
  1634 | D        | Killed Erica
  1797 | D        | Offered knowledge of Conjure Ball Lightning by Vehumet.
  1878 | D        | Reached skill level 5 in Ice Magic
  1910 | D        | Reached XP level 11. HP: 83/100 MP: 13/27
  2042 | D        | Offered knowledge of Irradiate by Vehumet.
  2107 | D        | Reached skill level 5 in Evocations
  2267 | D        | Found Ywiw's Distillery.
  2267 | D        | Noticed a two-headed ogre
  2272 | D        | Noticed an ogre mage
  2277 | D        | Killed a two-headed ogre
  2277 | D        | Killed an ogre mage
  2356 | D        | Offered knowledge of Bolt of Magma by Vehumet.
  2359 | D        | Found Beroarez's General Store.
  2364 | D        | Noticed a two-headed ogre
  2370 | D        | Killed a two-headed ogre
  2370 | D        | Reached skill level 5 in Dodging
  2512 | D        | Found Sirel's Assorted Antiques.
  2516 | D        | Found Zonwususyt's General Store.
  2547 | D        | Bought a potion of heal wounds for 60 gold pieces
  2547 | D        | Bought a potion of curing for 36 gold pieces
  2547 | D        | Bought a potion of curing for 36 gold pieces
  2547 | D        | Bought a potion of haste for 120 gold pieces
  2547 | D        | Bought a potion of curing for 36 gold pieces
  2547 | D        | Bought a potion of brilliance for 48 gold pieces
  2549 | D        | Bought a potion of haste for 100 gold pieces
  2549 | D        | Bought a potion of heal wounds for 50 gold pieces
  2549 | D        | Bought 2 scrolls of fear for 70 gold pieces
  2553 | D        | Bought a scroll labeled FUNWEITI YNGUY for 18 gold pieces
  2553 | D        | Bought a pair of runed boots for 135 gold pieces
  2553 | D        | Bought a scroll labeled FUNWEITI YNGUY for 18 gold pieces
  2555 | D        | Bought a potion of brilliance for 52 gold pieces
  2555 | D        | Bought a scroll of blinking for 97 gold pieces
  2614 | D        | Learned a level 4 spell: Airstrike
  2730 | D        | Noticed Josephine
  2816 | D        | Learned a level 2 spell: Swiftness
  2832 | D        | Killed Josephine
  2866 | D        | Offered knowledge of Fireball by Vehumet.
  3160 | D        | Found the +5 robe of Night {Dark MR+ SInv}
  3208 | D        | Noticed a white ugly thing
  3208 | D        | Noticed a centaur warrior
  3213 | D        | Killed a centaur warrior
  3213 | D        | Reached skill level 10 in Ice Magic
  3214 | D        | Killed a white ugly thing
  3232 | D        | Noticed a brown very ugly thing
  3232 | D        | Offered knowledge of Starburst by Vehumet.
  3243 | D        | Killed a brown very ugly thing
  3409 | D        | Reached XP level 12. HP: 106/106 MP: 14/30
  3448 | D        | Noticed a fire dragon
  3452 | D        | Killed a fire dragon
  3492 | D        | Noticed an ogre mage
  3494 | D        | Killed an ogre mage
  3511 | D        | Noticed a centaur warrior
  3513 | D        | Killed a centaur warrior
  3540 | D        | Offered knowledge of Ozocubu's Refrigeration by Vehumet.
  3540 | D        | Reached skill level 15 in Spellcasting
  3548 | D        | Learned a level 6 spell: Ozocubu's Refrigeration
  3666 | D        | Noticed a stone giant
  3673 | D        | Killed a stone giant
  3965 | D        | Noticed Rupert
  3972 | D        | Killed Rupert
  4156 | D        | Noticed a spark wasp
  4156 | D        | Noticed a spark wasp
  4159 | D        | Killed a spark wasp
  4160 | D        | Killed a spark wasp
  4200 | D        | Noticed a spark wasp
  4203 | D        | Offered knowledge of Lehudib's Crystal Spear by Vehumet.
  4203 | D        | Offered knowledge of Fire Storm by Vehumet.
  4203 | D        | Offered knowledge of Chain Lightning by Vehumet.
  4204 | D        | Killed a spark wasp
  4204 | D        | Reached skill level 15 in Conjurations
  4279 | D        | Noticed an anaconda
  4279 | D        | Noticed a nagaraja
  4279 | D        | Noticed a naga warrior
  4282 | D        | Killed an anaconda
  4282 | D        | Reached skill level 15 in Ice Magic
  4283 | D        | Killed a nagaraja
  4283 | D        | Reached XP level 13. HP: 107/116 MP: 19/33
  4645 | D        | Noticed a merfolk impaler
  4661 | D        | Killed a merfolk impaler
  4807 | D        | Learned a level 8 spell: Chain Lightning
  4860 | D        | Learned a level 9 spell: Fire Storm
  4888 | D        | Noticed Nessos
  4892 | D        | Killed Nessos
  5029 | D        | Noticed a fire giant
  5029 | D        | Noticed a fire dragon
  5030 | D        | Reached skill level 1 in Fire Magic
  5031 | D        | Killed a fire giant
  5035 | D        | Killed a fire dragon
  5035 | D        | Reached skill level 15 in Air Magic
  5559 | D        | Noticed a frost giant
  5581 | D        | HP: 6/122 [frost giant/bolt of cold (27)]
  5589 | D        | Killed a frost giant
  5589 | D        | Reached XP level 14. HP: 73/130 MP: 11/36
  5659 | D        | Noticed a frost giant
  5714 | D        | Killed a frost giant
  6189 | D        | Noticed an ironheart preserver
  6192 | D        | Killed an ironheart preserver
  6193 | D        | Reached skill level 5 in Fire Magic
  6262 | D        | Noticed a vault warden
  6286 | D        | Killed a vault warden
  6341 | D        | Noticed an entropy weaver
  6398 | D        | Killed an entropy weaver
  6503 | D        | Noticed an ironheart preserver
  6507 | D        | Killed an ironheart preserver
  6724 | D        | Reached skill level 15 in Fighting
  6996 | D        | Noticed Aizul
  7002 | D        | Killed Aizul
  7354 | D        | Noticed an emperor scorpion
  7387 | D        | Killed an emperor scorpion
  7579 | D        | Noticed Nergalle
  7615 | D        | Killed Nergalle
  7778 | D        | Noticed a nagaraja
  7778 | D        | Noticed a nagaraja
  7779 | D        | Noticed a nagaraja
  7779 | D        | Noticed a nagaraja
  7781 | D        | Killed a nagaraja
  7782 | D        | Killed a nagaraja
  7784 | D        | Killed a nagaraja
  7784 | D        | Killed a nagaraja
  7959 | D        | Noticed a nagaraja
  7966 | D        | Killed a nagaraja
  7966 | D        | Reached XP level 15. HP: 128/143 MP: 11/38
  8240 | D        | Noticed a nagaraja
  8243 | D        | Killed a nagaraja
  8319 | D        | Got a serpentine rune of Zot
  8648 | D        | Killed a ghost moth
  8648 | D        | Reached skill level 10 in Fire Magic
  9273 | D        | Got a gossamer rune of Zot
  9645 | D        | Got a decaying rune of Zot
  9653 | D        | Noticed Ilsuiw
  9661 | D        | Killed Ilsuiw
  9903 | D        | Got a barnacled rune of Zot
  9940 | D        | Noticed Louise
  9945 | D        | Killed Louise
 10186 | D        | Noticed Azrael
 10195 | D        | Killed Azrael
 10195 | D        | Reached skill level 1 in Shields
 10326 | D        | Reached XP level 16. HP: 118/157 MP: 35/40
 10444 | D        | Reached skill level 5 in Shields
 10864 | D        | Reached skill level 15 in Fire Magic
 10996 | D        | Noticed a lich
 11004 | D        | Killed a lich
 11235 | D        | Noticed a shadow dragon
 11235 | D        | Noticed a shadow dragon
 11241 | D        | Killed a shadow dragon
 11243 | D        | Killed a shadow dragon
 11558 | D        | Noticed a shadow dragon
 11558 | D        | Noticed a golden dragon
 11558 | D        | Noticed a shadow dragon
 11564 | D        | Killed a shadow dragon
 11564 | D        | Reached skill level 10 in Shields
 11564 | D        | Noticed a shadow dragon
 11783 | D        | Killed a shadow dragon
 11868 | D        | Learned a level 8 spell: Lehudib's Crystal Spear
 11872 | D        | Killed a shadow dragon
 11880 | D        | Killed a golden dragon
 11998 | D        | Noticed a titan
 12078 | D        | Killed a titan
 12270 | D        | Got a silver rune of Zot
 12301 | D        | Noticed Agnes
 12304 | D        | Killed Agnes
 12345 | D        | Noticed Jory
 12349 | D        | Killed Jory
 12400 | D        | Noticed Mara
 12404 | D        | Killed Mara
 12404 | D        | Reached XP level 17. HP: 172/172 MP: 29/43
 12502 | D        | Got the ring "Haiqogoi" {Ice rN++ Str+2 Dex+3 SInv}
 12504 | D        | Got the amulet "Ocytam" {rElec rF+ Regen+ Str-4}
 12506 | D        | Got the ring of Ycaiska {*Contam Str+6 Int+3 Dex+6}
 12508 | D        | Found the +13 scythe of Curses {drain, *Curse}
 12508 | D        | Got the ring "Huec Wiexze" {*Corrode *Drain rPois rF+
                  | Int+9}
 12510 | D        | Got the ring of Acaumaps {AC+3 Str+2}
 12537 | D        | Found the +27 Lear's hauberk
 12712 | D        | Noticed Sojobo
 12717 | D        | Killed Sojobo
 12852 | D        | Noticed a caustic shrike
 12858 | D        | Killed a caustic shrike
 13148 | D        | Noticed a bone dragon
 13148 | D        | Noticed a golden dragon
 13148 | D        | Noticed a bone dragon
 13148 | D        | Noticed a golden dragon
 13152 | D        | Killed a golden dragon
 13206 | D        | Killed a bone dragon
 13315 | D        | Killed a bone dragon
 13632 | D        | Killed a golden dragon
 13878 | D        | Noticed a bone dragon
 14028 | D        | Killed a bone dragon
 14028 | D        | Reached skill level 15 in Shields
 14349 | D        | Noticed a golden dragon
 14349 | D        | Noticed a golden dragon
 14352 | D        | Reached XP level 18. HP: 100/188 MP: 42/45
 14353 | D        | Killed a golden dragon
 14354 | D        | Killed a golden dragon
 14587 | D        | Reached skill level 1 in Earth Magic
 14707 | D        | Noticed a tentacled monstrosity
 14707 | D        | Noticed an electric golem
 14710 | D        | Killed a tentacled monstrosity
 14711 | D        | Killed an electric golem
 14761 | D        | Reached skill level 5 in Earth Magic
 14966 | D        | Noticed an Orb Guardian
 14966 | D        | Noticed an Orb Guardian
 14966 | D        | Noticed an Orb Guardian
 14966 | D        | Noticed an Orb Guardian
 14966 | D        | Noticed an Orb Guardian
 14966 | D        | Noticed an Orb Guardian
 14969 | D        | Killed an Orb Guardian
 14969 | D        | Killed an Orb Guardian
 14969 | D        | Killed an Orb Guardian
 14969 | D        | Killed an Orb Guardian
 14970 | D        | Killed an Orb Guardian
 14971 | D        | Noticed an Orb Guardian
 14972 | D        | Noticed an Orb Guardian
 14972 | D        | Killed an Orb Guardian
 14973 | D        | Killed an Orb Guardian
 14974 | D        | Killed an Orb Guardian
 14987 | D        | Noticed an Orb Guardian
 14991 | D        | Killed an Orb Guardian
 14993 | D        | Noticed an Orb Guardian
 14996 | D        | Killed an Orb Guardian
 15098 | D        | Noticed a curse toe
 15098 | D        | Noticed an Orb Guardian
 15098 | D        | Noticed an Orb Guardian
 15100 | D        | Killed an Orb Guardian
 15100 | D        | Killed an Orb Guardian
 15100 | D        | Reached skill level 10 in Earth Magic
 15102 | D        | Noticed an Orb Guardian
 15104 | D        | Killed a curse toe
 15104 | D        | Noticed an Orb Guardian
 15105 | D        | Killed an Orb Guardian
 15108 | D        | Killed an Orb Guardian
 15248 | D        | Noticed an ancient lich
 15248 | D        | Noticed an orb of fire
 15249 | D        | Paralysed by an ancient lich for 3 turns
 15250 | D        | Noticed an electric golem
 15254 | D        | Killed an ancient lich
 15254 | D        | Reached XP level 19. HP: 181/202 MP: 27/48
 15256 | D        | Killed an orb of fire
 15256 | D        | Reached skill level 10 in Evocations
 15259 | D        | Killed an electric golem
 15331 | D        | Noticed an orb of fire
 15331 | D        | Noticed an electric golem
 15335 | D        | Killed an electric golem
 15336 | D        | Noticed an orb of fire
 15337 | D        | Killed an orb of fire
 15346 | D        | Noticed an ancient lich
 15347 | D        | Noticed a Killer Klown
 15348 | D        | Gained mutation: Your body sometimes deteriorates upon
                  | taking damage. [an orb of fire]
 15350 | D        | Killed an orb of fire
 15353 | D        | Killed a Killer Klown
 15355 | D        | Killed an ancient lich
 15358 | D        | Noticed an orb of fire
 15534 | D        | Reached skill level 15 in Earth Magic
 15577 | D        | Killed an orb of fire
 15577 | D        | Reached skill level 27 in Fighting
 15765 | D        | Reached skill level 15 in Evocations
 15774 | D        | Reached XP level 20. HP: 206/216 MP: 33/50
 15775 | D        | Reached skill level 27 in Spellcasting
 15776 | D        | Reached skill level 27 in Conjurations
 15867 | D        | Got the Orb of Zot
 17295 | D        | Noticed Wegym the pandemonium lord
 17298 | D        | Killed Wegym the pandemonium lord
 17691 | D        | Escaped with the Orb!

Illustrated notes

Levels and vault maps discovered:
D:        linesprint [early_d, line_temple, items_1, d_10, items_2, lair_1,
          lair_end, items_3, orc_1, orc_end, items_4, d_15, swamp_1, shoals_1,
          snake_1, spider_1, d_20, vaults_1, items_5, swamp_end, shoals_end,
          snake_end, spider_end, vaults_end, d_27, items_6, zot_1, zot_end,
          crypt_end, forest_end, elf_end, slime_end, tomb_end, abyss_end,
          pan_hell_end]

Skill      XL: |  1  2  3  4  5  6  7  8  9 10 11 12 13 14 15 16 17 18 19 20 |
---------------+-------------------------------------------------------------+-----
Conjurations   | 3 5 6 8 10 11 12 13 15 17 19 20 22 24 26 27 | 27.0
Air Magic      | 4 6 7 8 10 11 12 14 15 18 20 23 | 23.0
Spellcasting   | 3 4 5 7 9 10 11 12 14 16 18 19 20 22 23 25 26 27 | 27.0
Fighting       | 2 3 5 6 8 9 10 11 13 15 18 20 23 25 27 | 27.0
Evocations     | 4 7 9 15 19 | 19.9
Dodging        | 3 6 7 |  7.8
Ice Magic      | 5 11 15 17 | 17.5
Fire Magic     | 3 8 13 18 21 24 25 | 25.7
Shields        | 4 12 16 19 24 25 | 25.0
Earth Magic    | 11 16 20 | 20.6
Stealth        | |  1.7

Action                   |  1- 3 |  4- 6 |  7- 9 | 10-12 | 13-15 | 16-18 | 19-21 || total
-------------------------+-------+-------+-------+-------+-------+-------+-------++-------
Melee: Tailslap          |     1 |       |     2 |     4 |     4 |       |     1 ||    12
       Unarmed           |     1 |       |       |       |       |       |       ||     1
       Rapier            |     1 |       |     5 |    29 |    39 |     6 |     4 ||    84
       Staff             |       |       |       |       |       |       |     4 ||     4
 Cast: Shock             |     9 |     8 |       |    20 |     3 |       |       ||    40
       Lightning Bolt    |       |     5 |    11 |    58 |    36 |       |       ||   110
       Freezing Cloud    |       |       |       |    16 |    27 |    14 |       ||    57
       Airstrike         |       |       |       |    12 |    13 |     1 |       ||    26
       Ozocubu's Refrige |       |       |       |    12 |    70 |    30 |       ||   112
       Chain Lightning   |       |       |       |       |    51 |    55 |     9 ||   115
       Swiftness         |       |       |       |       |       |     1 |       ||     1
       Fire Storm        |       |       |       |       |       |    69 |    62 ||   131
       Lehudib's Crystal |       |       |       |       |       |     2 |    33 ||    35
Evoke: Wand              |       |     1 |       |       |       |       |       ||     1
       Staff of energy   |       |       |       |       |     5 |       |    97 ||   102
  Use: Potion            |     1 |     1 |     4 |       |     6 |     9 |     4 ||    25
       Scroll            |       |     2 |       |       |     2 |     3 |       ||     7
 Stab: Sleeping          |     1 |       |       |       |       |       |       ||     1
Armor: Skin              |     3 |     2 |    12 |    16 |    91 |    80 |     5 ||   209
Dodge: Dodged            |     1 |     9 |    11 |    40 |    84 |    31 |     6 ||   182
Block: Kite shield       |       |       |       |       |       |     8 |     3 ||    11
       Buckler           |       |       |       |       |       |     5 |       ||     5
       Tower shield      |       |       |       |       |       |       |    21 ||    21

Table legend: (Time is in decaauts) A = Elapsed time spent in this place. B = Non-inter-level travel time spent in this place. C = Inter-level travel time spent in this place. D = Time resting spent in this place. E = Time spent auto-exploring this place. F = Levels seen in this place. G = Mean time per level. A B C D E F G +--------+--------+--------+--------+--------+-----+--------+ Total | 17624 | 16298 | 1326 | 10128 | 106 | 1 | 17624.0 | Dungeon | 17624 | 16298 | 1326 | 10128 | 106 | 1 | 17624.0 | +--------+--------+--------+--------+--------+-----+--------+
